AoeStats
← _Orca_

African Clearing

506471982Analyzed
3v3 RM · 18d ago on Sep 13, 2026· 31m 33s· 6 players
Game mode
Random Map
Map size
Normal (6 player)
Population
200
Speed
Normal
Resources
Standard
Victory
Conquest
Starting age
Dark Age
Ending age
Imperial Age
RankedLock teamsTeams togetherTeam positionsShared explorationLock speedFull tech treeHidden civsTurbo modeCheats
Victory
Defeat
🇺🇸 Huns · United States
1306
+13
🇧🇷 Khitans · Brazil
1222
+17
🇧🇷 Byzantines · Brazil
1212
+17
🇧🇩 Armenians · Bangladesh
1321
-18
🇧🇷 Persians · Brazil
1227
-15
🇺🇸 Franks · United States
1188
-14
MineirodeOuro
8:41 Loom
11:06 Feudal Age
11:07 Feudal Age
11:52 Double-Bit Axe
13:56 Forging
14:33 Horse Collar
20:09 Wheelbarrow
20:15 Wheelbarrow
19:32 Gold Mining
23:01 Castle Age
21:28 Fletching
22:39 Bloodlines
22:50 Padded Archer Armor
23:47 Bodkin Arrow
24:03 Bow Saw
25:18 Thumb Ring
26:58 Heavy Plow
27:34 Leather Archer Armor
31:51 Ballistics
Portel4
10:54 Loom
13:04 Feudal Age
18:03 Castle Age
17:15 Fletching
19:13 Double-Bit Axe
22:48 Bodkin Arrow
25:56 Padded Archer Armor
27:50 Bow Saw
30:15 Leather Archer Armor
LzDazz
8:33 Loom
12:02 Feudal Age
13:19 Double-Bit Axe
13:35 Horse Collar
21:46 Castle Age
21:20 Gold Mining
21:46 Scale Barding Armor
22:46 Fletching
23:59 Pikeman
24:40 Squires
24:43 Scale Mail Armor
27:52 Forging
32:15 Wheelbarrow
TheKeeG_
3:09 Loom
14:09 Feudal Age
17:09 Double-Bit Axe
21:22 Castle Age
20:41 Stone Mining
25:30 Scale Barding Armor
_Orca_
5:23 Loom
14:01 Feudal Age
14:06 Man-at-Arms
14:35 Arson
14:59 Double-Bit Axe
15:16 Long Swordsman
18:09 Scale Mail Armor
23:13 Horse Collar
24:18 Wheelbarrow
25:04 Town Watch
30:18 Castle Age
30:01 Fletching
30:21 Forging
30:12 Padded Archer Armor
31:27 Hand Cart
31:24 Bow Saw
31:52 Squires
HAHA
3:40 Loom
11:29 Feudal Age
13:36 Double-Bit Axe
15:43 Bloodlines
16:41 Scale Barding Armor
16:47 Forging
19:15 Town Watch
23:57 Scale Mail Armor
26:26 Castle Age
24:15 Horse Collar
27:07 Fletching
Connection lost

Rejoining the realm…

Still unreachable

The connection could not be restored.

Session expired

The server has moved on; the page needs a fresh start.